 Dungeon Crawl Stone Soup version 0.30-a0-643-g638baaf3f0 (webtiles) character file.

Game seed: 14201369068022993727

4097 Dirtsage the Transmogrifier (level 10, -7/75 (79) HPs)
             Began as an Octopode Transmuter on Jan 16, 2023.
             Was a Believer of the Shining One.
             Mangled by Joseph
             ... wielding a +2 quarterstaff of pain
              (19 damage)
             ... on level 7 of the Dungeon.
             The game lasted 00:14:05 (6898 turns).

Dirtsage the Transmogrifier (Octopode Transmuter)   Turns: 6898, Time: 00:14:06

HP:   -7/75 (79)    AC:  8    Str: 10    XL:     10   Next: 26%
MP:   8/14          EV: 10    Int: 19    God:    the Shining One [**....]
Gold: 220           SH:  8    Dex: 13    Spells: 6/13 levels left

rFire   x . .      SeeInvis .      - Unarmed
rCold   + + +      Faith    .    (shield currently unavailable)
rNeg    + . .      Spirit   .    (helmet currently unavailable)
rPois   +          Reflect  .    y - amulet of regeneration
rElec   .          Harm     .    (no ring)
rCorr   .          Rampage  .    (no ring)
Will    .....                    (no ring)
Stlth   +                        (no ring)
HPRegen 1.12/turn                (no ring)
MPRegen 0.14/turn                (no ring)
                                 (no ring)
                                 (no ring)

@: divinely shielded, ice-form, glowing, lightly drained
A: freezing attack, boosted hp, almost no armour, amphibious, 8 rings, large,
(camouflage 1), (gelatinous body 1), (nimble swimmer 1), (tentacles)
a: End Transformation, Renounce Religion, Divine Shield


You were on level 7 of the Dungeon.
You worshipped the Shining One.
The Shining One was pleased with you.
You were a creature of crystalline ice.
You visited 2 branches of the dungeon, and saw 8 of its levels.

You collected 386 gold pieces.
You spent 166 gold pieces at shops.

Inventory:

Missiles
 t - a throwing net
 z - a curare-tipped dart
Magical Staves
 h - a staff of earth
Jewellery
 y - an amulet of regeneration (around neck)
Scrolls
 c - 2 scrolls of poison {unknown}
 d - 2 scrolls of silence
 e - 2 scrolls of magic mapping
 f - 5 scrolls of enchant weapon
 g - 3 scrolls of noise
 i - a scroll of identify
 p - a scroll of summoning
 r - 2 scrolls of immolation
 s - a scroll of vulnerability
 u - 3 scrolls of amnesia
 v - 2 scrolls of teleportation {unknown}
 x - a scroll of enchant armour {unknown}
 B - a scroll of blinking
Potions
 a - 3 potions of lignification
 b - a potion of berserk rage
 j - 2 potions of flight
 k - a potion of brilliance
 l - a potion of heal wounds
 m - a potion of cancellation
 n - a potion of resistance
 o - a potion of mutation
 q - a potion of curing
 w - a potion of ambrosia
 A - a potion of experience {unknown}


   Skills:
 + Level 5.3 Fighting
 - Level 2.0 Dodging
 + Level 6.2 Unarmed Combat
 - Level 2.0 Spellcasting
 - Level 8.0 Transmutations
 - Level 8.0 Ice Magic
 + Level 5.8 Invocations


You had 6 spell levels left.
You knew the following spells:

 Your Spells              Type           Power      Damage    Failure   Level
a - Ice Form              Ice/Tmut       32%        N/A       6%          4
b - Wereblood             Tmut           32%        N/A       1%          2
c - Beastly Appendage     Tmut           64%        N/A       1%          1

Your spell library contained the following spells:

 Spells                   Type           Power      Damage    Failure   Level
 Passwall                 Tmut/Erth      14%        N/A       4%          2
 Spider Form              Tmut/Pois      17%        N/A       10%         3
 Magic Dart               Conj           4%         1d3       17%         1
 Sandblast                Erth           2%         2d4       17%         1
 Blink                    Tloc           2%         N/A       26%         2
 Lesser Beckoning         Tloc           2%         N/A       26%         2
 Momentum Strike          Conj/Tloc      2%         3d8       26%         2
 Searing Ray              Conj           2%         2d4       26%         2
 Stone Arrow              Conj/Erth      2%         3d7       45%         3
 Animate Dead             Necr           1%         N/A       86%         4
 Fulminant Prism          Conj/Hex       0%         3d5       86%         4
 Manifold Assault         Tloc           1%         N/A       86%         4
 Dispersal                Tloc           0%         N/A       100%        6
 Haunt                    Necr/Summ      0%         N/A       100%        7
 Disjunction              Tloc           0%         N/A       100%        8
 Infestation              Necr           0%         N/A       100%        8


Dungeon Overview and Level Annotations

Branches:
Dungeon (7/15)             Temple (1/1) D:5

Altars:
Ashenzari
Elyvilon
Fedhas
Gozag
Nemelex Xobeh
Qazlal
Trog
Uskayaw
Wu Jian
Zin
The Shining One

Shops:
D:3 [(?[?   D:4 (

Annotations:
D:7 Joseph


Innate Abilities, Weirdness & Mutations

You are a creature of crystalline ice.
You have a powerful freezing melee attack.
Your maximum health is increased.
Your armour is entirely melded.
You are incapable of wielding weapons or throwing items.
You cannot wear most types of armour.
You are amphibious.
You can wear up to eight rings at the same time.
((Your skin changes colour to match your surroundings (Stealth+).))
((Your rubbery body absorbs attacks. (AC +1, EV +1)))
((You are camouflaged when in or above water. (Stealth+)))
((You have tentacles for arms and can constrict up to eight enemies at once.))


Message History

Health restored: 75 You howl as the wereblood boils in your veins!
You howl as the wereblood boils in your veins!
You howl as the wereblood boils in your veins!
Your primal bloodlust is almost over.
You howl as the wereblood boils in your veins!
Items here: )))))) [[[[.
There is an open door, spattered with blood here.
Items here: )) [[.
Things that are here:
a +0 flail; a +0 scale mail; an orc corpse
Things that are here:
a +2 whip of flaming; a +0 robe Your primal bloodlust has ended.
Your transformation is almost over.
You warm up again.
Joseph shoots a sling bullet.
The sling bullet hits you!
You now have 52/63 hp.
Casting: Wereblood (safe; 1% risk of failure)
Confirm with . or Enter, or press ? or * to list all spells.
You turn into a creature of crystalline ice.
Joseph shoots a sling bullet.
The sling bullet hits you!
You now have 10/14 mp.
A divine shield forms around you!
Joseph shoots a sling bullet.
The sling bullet hits you!
You take 16 damage, and have 37/75 hp.
MASSIVE DAMAGE!!
You now have 7/14 mp.
Joseph says, "I'm happy to see you. And I'll be happy to kill you."
Joseph shoots a sling bullet.
The sling bullet hits you.
There is a stone staircase leading up here.
You take 3 damage, and have 34/75 hp.
Joseph shoots a sling bullet.
The sling bullet hits you!
* * * LOW HITPOINT WARNING * * *
You take 14 damage, and have 21/75 hp.
Joseph shoots a sling bullet.
The sling bullet hits you!
* * * LOW HITPOINT WARNING * * *
You take 10 damage, and have 11/75 hp.
Joseph unwields a +0 sling.
Joseph wields a +2 quarterstaff of pain.
Joseph hits you with a +2 quarterstaff of pain!!
You die...

.....# ###....#
###...### ##..##
###.....## ##.##
###........# #..#
##..........# ##.##
###..........# #..#
#............# ##.#
#........@..# #.##
#.......Y..# ##.#
#..........# #.##
#).......## ##### #..#
#.......## ##...####.##
##....<.# ##......##..#
#......####........##.#
##......#..............
##.....#.............#
#..#.................#


You could see Joseph.

Vanquished Creatures
  Pikel (D:7)
  A kobold demonologist (D:6)
  A warg (D:6)
  A water moccasin (D:5)
  2 orc warriors (D:6)
  3 ogres (D:6)
  4 lemures
  4 kobold brigands
  A bullfrog (D:6)
  2 gnoll sergeants (D:6)
  A necrophage (D:5)
  3 scorpions
  5 wights (D:7)
  A vampire bat (D:5)
  10 howler monkeys
  14 hounds
  A jelly (D:7)
  7 orc priests
  2 gnoll boudas (D:6)
  An iguana (D:5)
  13 orc wizards
  8 gnolls
  6 adders
  A white imp (D:6)
  An ufetubus (D:6)
  2 worms
  3 fire bats (D:5)
  24 orcs
  2 spectral bats (D:5)
  17 bats
  3 bat skeletons (D:5)
  A bat zombie (D:5)
  4 endoplasms
  A giant cockroach (D:3)
  5 goblins
  8 hobgoblins
  4 quokkas
  8 ball pythons
  A bat simulacrum (D:5)
  3 frilled lizards
  6 kobolds
  4 rats
190 creatures vanquished.

Vanquished Creatures (others)
  A plant (D:6)
1 creature vanquished.

Grand Total: 191 creatures vanquished

Notes
Turn   | Place    | Note
-------+----------+-------------------------------------------
     0 | D:1      | Dirtsage the Octopode Transmuter began the quest for the
                  | Orb.
     0 | D:1      | Reached XP level 1. HP: 13/13 MP: 3/3
   137 | D:1      | Reached skill level 1 in Ice Magic
   137 | D:1      | Reached XP level 2. HP: 18/18 MP: 3/5
   380 | D:1      | Reached XP level 3. HP: 23/23 MP: 3/6
   840 | D:2      | Found a faded altar of an unknown god.
  1326 | D:2      | Reached XP level 4. HP: 19/28 MP: 7/7
  1331 | D:2      | Learned a level 4 spell: Ice Form
  1635 | D:3      | Found Beech's Armour Shoppe.
  1651 | D:3      | Found Rotian's Magic Scroll Boutique.
  1657 | D:3      | Bought a scroll of identify for 22 gold pieces
  1657 | D:3      | Bought a scroll of blinking for 82 gold pieces
  1657 | D:3      | Bought a scroll of identify for 22 gold pieces
  1841 | D:3      | Found Tucogh's Armour Emporium.
  1842 | D:3      | Found Imodosac's Antique Weapon Boutique.
  1998 | D:3      | Found Jedgh's Magic Scroll Shoppe.
  2362 | D:4      | Noticed a scorpion
  2363 | D:4      | Reached XP level 5. HP: 33/33 MP: 3/8
  2514 | D:4      | Noticed an air elemental
  2517 | D:4      | Found a stormy altar of Qazlal.
  2616 | D:3      | Bought a scroll of identify for 20 gold pieces
  2616 | D:3      | Bought a scroll of identify for 20 gold pieces
  2780 | D:4      | Noticed a fire elemental
  2780 | D:4      | Noticed a water elemental
  2851 | D:4      | Found Vafin's Weapon Emporium.
  3063 | D:5      | Entered Level 5 of the Dungeon
  3084 | D:5      | Reached XP level 6. HP: 38/38 MP: 4/9
  3087 | D:5      | Learned a level 2 spell: Wereblood
  3241 | D:5      | Reached skill level 5 in Transmutations
  3261 | D:5      | Reached XP level 7. HP: 13/43 MP: 5/10
  3269 | D:5      | Reached skill level 5 in Ice Magic
  3509 | D:5      | Found a staircase to the Ecumenical Temple.
  3539 | Temple   | Entered the Ecumenical Temple
  3553 | Temple   | Became a worshipper of the Shining One
  4255 | D:5      | Reached XP level 8. HP: 48/48 MP: 6/11
  4288 | D:5      | Reached * piety under the Shining One
  4577 | D:6      | Reached skill level 1 in Invocations
  4679 | D:6      | Noticed a kobold demonologist
  4691 | D:6      | Noticed a sun demon
  4691 | D:6      | Killed a kobold demonologist
  4712 | D:6      | Reached XP level 9. HP: 17/54 MP: 9/12
  5201 | D:6      | Found a hide-covered altar of Uskayaw.
  5643 | D:6      | Reached skill level 5 in Unarmed Combat
  5809 | D:6      | Reached ** piety under the Shining One
  6007 | D:6      | Reached XP level 10. HP: 23/65 MP: 7/13
  6588 | D:7      | Noticed Pikel
  6588 | D:7      | Noticed Joseph
  6653 | D:7      | Reached skill level 5 in Invocations
  6798 | D:7      | Killed Pikel
  6799 | D:7      | Reached skill level 5 in Fighting
  6898 | D:7      | Mangled by Joseph

Illustrated notes

Levels and vault maps discovered:
D:1:      dpeg_arrival_arbitrary_b, layout_basic, st_stairs_8,
          nicolae_figureground_pulse
D:2:      layout_basic, shapermc_ecumenical_altar_acropolis
D:3:      layout_loops_ring, serial_shops, shop, nicolae_shop_hallway_plus,
          shop_scrolls, nicolae_shop_temple_entry_statues_fountains,
          nicolae_shop_behind_doors, corexii_hall_statues_l,
          kennysheep_nondescript
D:4:      layout_basic, nicolae_qazlal_style_of_elements,
          nicolae_take_the_stairs
D:5:      layout_rooms, minmay_temple_entry_junction, goddamned_bats
D:6:      lemuel_castle_with_subvaults [lemuel_castle_interior_carwin_2],
          layout_loops_corners, mainiacjoe_overflow_small_starburst,
          grunt_decor_mini_mirrors, minmay_misc_feat_rugged,
          eino_small_chamber_without_monster
D:7:      layout_cave_pods, grunt_ministairs_8, guppyfry_early_elven_hall,
          uniq_pikel, uniq_joseph
Temple:   nicolae_temple_two_arcs

Skill      XL: |  1  2  3  4  5  6  7  8  9 10 |
---------------+-------------------------------+-----
Ice Magic      | 1 2 3 4 6 7 8 |  8.0
Transmutations | 3 4 5 6 7 8 |  8.0
Invocations    | 2 4 5 |  5.8
Fighting       | 2 4 5 |  5.3
Unarmed Combat | 5 6 |  6.2
Dodging        | |  2.0
Spellcasting   | |  2.0

Action                   |  1- 3 |  4- 6 |  7- 9 | 10-12 || total
-------------------------+-------+-------+-------+-------++-------
Melee: Unarmed           |    74 |   100 |   251 |    51 ||   476
       Kick              |    20 |    10 |     1 |       ||    31
       Constrict         |    17 |    15 |     8 |       ||    40
       Tentacles         |    11 |     9 |     4 |       ||    24
       Punch             |       |     1 |       |       ||     1
 Cast: Beastly Appendage |    10 |    11 |     2 |       ||    23
       Ice Form          |       |     5 |    23 |     6 ||    34
       Wereblood         |       |     1 |    12 |     3 ||    16
Invok: Divine Shield     |       |       |       |     1 ||     1
  Use: Scroll            |       |     8 |     6 |       ||    14
       Potion            |       |       |     3 |       ||     3
 Stab: Sleeping          |     7 |     9 |       |       ||    16
Armor: Skin              |     5 |    14 |    83 |    11 ||   113
Dodge: Dodged            |    44 |    53 |   137 |    13 ||   247

Table legend: (Time is in decaauts)
 A = Elapsed time spent in this place.
 B = Non-inter-level travel time spent in this place.
 C = Inter-level travel time spent in this place.
 D = Time resting spent in this place.
 E = Time spent auto-exploring this place.
 F = Levels seen in this place.
 G = Mean time per level.
                   A        B        C        D        E       F      G
               +--------+--------+--------+--------+--------+-----+--------+
         Total |   6868 |   6477 |    391 |    288 |   4943 |   8 |  858.5 |
       Dungeon |   6843 |   6461 |    382 |    288 |   4939 |   7 |  977.6 |
        Temple |     24 |     15 |      9 |      0 |      4 |   1 |   24.0 |
               +--------+--------+--------+--------+--------+-----+--------+

Top non-repeatable levels by time:
     D:6: 2273 daAuts
     D:5: 1226 daAuts
     D:2: 897 daAuts
     D:3: 866 daAuts
     D:1: 651 daAuts
     D:4: 650 daAuts
     D:7: 276 daAuts
  Temple: 24 daAuts
